 Dungeon Crawl Stone Soup version 0.31-a0-1-g4198be8af4 (webtiles) character file.

Game seed: 4414470889619337391

89498 jasper the Brawler (level 15, -14/115 HPs)
             Began as a Demonspawn Cinder Acolyte on May 1, 2023.
             Was a Believer of Sif Muna.
             Killed from afar by a hell hound (24 damage)
             ... with a blast of flame
             ... led by Azrael
             ... on level 1 of the Elven Halls.
             The game lasted 00:38:29 (22343 turns).

jasper the Brawler (Demonspawn Cinder Acolyte)     Turns: 22343, Time: 00:38:30

Health: -14/115    AC: 14    Str: 20    XL:     15   Next: 49%
Magic:  16/16      EV: 17    Int: 25    God:    Sif Muna [**....]
Gold:   2624       SH: 12    Dex:  8    Spells: 12/16 levels left

rFire   . .          .
                       - Unarmed
rCold   . . .        m - +0 kite shield {reflect}
rNeg    . . .        V - +0 troll leather armour
rPois   .            (helmet unavailable)
rElec   .            J - +2 cloak {Stlth+}
rCorr   +            (no gloves)
SInv    .            N - +2 pair of boots of the Holding Gods {rCorr Str+4}
Will    +....        H - amulet of faith
Stlth   ++           g - ring of Rasy {EV+5 Int+3}
HPRegen 1.19/turn    q - +4 ring of protection
MPRegen 0.15/turn

%: reflection, faith
@: fire susceptible
A: horns 3, foul stench 2, demonic magic 2, weakness stinger 2, demonic touch 2,
MP-powered wands
a: Renounce Religion, Channel Magic


You were on level 1 of the Elven Halls.
You worshipped Sif Muna.
Sif Muna was pleased with you.
You visited 8 branches of the dungeon, and saw 28 of its levels.
You visited the Abyss 1 time.

You collected 3623 gold pieces.
You spent 999 gold pieces at shops.

Inventory:

Missiles
 f - 3 throwing nets
 j - 174 stones (quivered)
Armour
 m - a +0 kite shield of reflection (worn)
 J - a +2 cloak of stealth (worn)
 N - the +2 pair of boots of the Holding Gods (worn) {rCorr Str+4}
   (You found it on level 6 of the Dungeon)

   Str:       It affects your strength (+4).
   rCorr:     It protects you from acid and corrosion.
 V - a +0 troll leather armour (worn)
Jewellery
 b - the amulet "Naluj" {Reflect Will+ Str+2 Dex-2 SH+5}
   (You found it on level 2 of the Lair of Beasts)

   [amulet of reflection]

   It reflects blocked missile attacks.
   Str:       It affects your strength (+2).
   Dex:       It affects your dexterity (-2).
   SH:        It affects your SH (+5).
   Will:      It increases your willpower.
 g - the ring of Rasy (left hand) {EV+5 Int+3}
   (You acquired it on level 1 of the Dungeon)

   [ring of evasion]

   EV:        It affects your evasion (+5).
   Int:       It affects your intelligence (+3).
 q - a +4 ring of protection (right hand)
 A - the ring "Eqour" {rPois rCorr}
   (You found it on level 3 of the Lair of Beasts)

   [ring of poison resistance]

   rPois:     It protects you from poison.
   rCorr:     It protects you from acid and corrosion.
 E - an amulet of magic regeneration
 H - an amulet of faith (around neck)
 O - a ring of flight
 P - an amulet of reflection
 T - an amulet of regeneration
Wands
 v - a wand of mindburst (5)
 G - a wand of digging (1)
 I - a wand of quicksilver (8)
 K - a wand of charming (25)
 R - a wand of flame (10)
Scrolls
 e - 2 scrolls of immolation
 o - 2 scrolls of torment
 r - 9 scrolls of teleportation
 t - 5 scrolls of vulnerability
 w - 3 scrolls of blinking
 x - 6 scrolls of fear
 y - 4 scrolls of amnesia
 B - 5 scrolls of fog
 C - 3 scrolls of magic mapping
 D - 7 scrolls of identify
 Q - 3 scrolls of enchant weapon
 U - a scroll of brand weapon
 W - 2 scrolls of summoning
 X - a scroll of enchant armour
Potions
 a - 7 potions of ambrosia
 d - 2 potions of flight
 h - 6 potions of lignification
 i - 10 potions of degeneration
 k - 11 potions of curing
 l - 4 potions of might
 n - a potion of mutation
 p - a potion of magic
 s - 2 potions of cancellation {unknown}
 u - 3 potions of attraction
 z - a potion of resistance
 F - a potion of berserk rage
 M - 4 potions of haste
 S - 4 potions of brilliance
 Z - 2 potions of invisibility
Miscellaneous
 Y - a lightning rod (1/4)


   Skills:
 - Level 10.0 Fighting
 - Level 4.7 Axes
 - Level 8.3 Dodging
 - Level 15.0 Shields
 - Level 15.0 Unarmed Combat
 - Level 1.0 Spellcasting
 + Level 5.6 Transmutations
 - Level 2.6 Fire Magic
 + Level 5.7 Earth Magic


You had 12 spell levels left.
You knew the following spells:

 Your Spells              Type           Power      Damage    Failure   Level
a - Passwall              Tmut/Erth      24%        N/A       3%          2
b - Sublimation of Blood  Necr           1%         N/A       34%         2

Your spell library contained the following spells:

 Spells                   Type           Power      Damage    Failure   Level
 Beastly Appendage        Tmut           58%        N/A       2%          1
 Wereblood                Tmut           29%        N/A       3%          2
 Scorch                   Fire           28%        2d6       12%         2
 Freeze                   Ice            4%         1d3       22%         1
 Necrotise                Necr           4%         1d4       22%         1
 Spider Form              Tmut/Pois      15%        N/A       22%         3
 Blink                    Tloc           2%         N/A       34%         2
 Cigotuvi's Dreadful Rot  Necr/Pois/Air  2%         N/A       34%         2
 Ensorcelled Hibernation  Hex/Ice        2%         N/A       34%         2
 Frozen Ramparts          Ice            2%         1d1       56%         3
 Hailstorm                Conj/Ice       1%         3d3       56%         3
 Swiftness                Air            1%         N/A       56%         3
 Vampiric Draining        Necr           1%         2d6       56%         3
 Ice Form                 Ice/Tmut       15%        N/A       56%         4
 Flame Wave               Conj/Fire      7%         2d5       78%         4
 Dispel Undead            Necr           1%         3d6       92%         4
 Manifold Assault         Tloc           1%         N/A       92%         4
 Summon Ice Beast         Ice/Summ       1%         N/A       92%         4
 Fireball                 Conj/Fire      3%         3d4       98%         5
 Agony                    Necr           1%         N/A       99%         5
 Iskenderun's Battlesphe  Conj           1%         2d6       99%         5
 Conjure Ball Lightning   Conj/Air       0%         3x3d6     100%        6
 Death Channel            Necr           0%         N/A       100%        6
 Iron Shot                Conj/Erth      7%         9d2       100%        6
 Summon Cactus Giant      Summ           0%         N/A       100%        6
 Orb of Destruction       Conj           0%         9d5       100%        7
 Spellforged Servitor     Conj/Summ      0%         N/A       100%        7
 Storm Form               Tmut/Air       7%         N/A       100%        7
 Summon Hydra             Summ           0%         N/A       100%        7


Dungeon Overview and Level Annotations

Branches:
Dungeon (15/15)            Temple (1/1) D:6            Lair (5/5) D:8
  Swamp (1/4) Lair:2        Snake (1/4) Lair:2        Slime (2/5) Lair:4
    Orc (2/2) D:9             Elf (1/3) Orc:2        Vaults (0/5) D:14
 Depths (0/4) D:15

Altars:
Ashenzari
Cheibriados
Dithmenos
Fedhas
Gozag
Hepliaklqana
Kikubaaqudgha
Makhleb
Nemelex Xobeh
Okawaru
Qazlal
Ru
Sif Muna
Trog
Uskayaw
Vehumet
Wu Jian
Xom
Yredelemnul

Shops:
Orc:2 (=(((

Portals:
Trove: D:11 (give +6 demon blade)

Annotations:
D:15 3 exclusions


Innate Abilities, Weirdness & Mutations

You have a pair of large horns on your head.
You sometimes emit foul miasma when damaged in melee.
Spells you cast may paralyse nearby enemies.
You have a tail ending in a sharp stinger.
Your touch may inflict irresistible damage on your foes.
You expend magic power (3 MP) to strengthen your wands.


Message History

The fire elemental completely resists.
The blast of flame hits Azrael.
Azrael completely resists.
The blast of flame hits you!
* * * LOW HITPOINT WARNING * * *
You block Azrael's attack.
You regained 4 hp, and now have 32/115 hp.
You hit Azrael but do no damage. You headbutt Azrael!
Azrael is almost dead.
Azrael gestures at you.
Your +0 kite shield of reflection blocks the sticky flame... and reflects it back!
The sticky flame hits Azrael.
Azrael completely resists.
Azrael is covered in liquid flames!
You punch Azrael!
You kill Azrael!
Sif Muna accepts your kill. The hell hound breathes flames at you.
The blast of flame hits the fire elemental.
The fire elemental completely resists.
The blast of flame hits you!!
* * * LOW HITPOINT WARNING * * *
You take 20 damage, and have 13/115 hp.
You pummel the fire elemental!!
The fire elemental is severely damaged.
The fire elemental hits you. The fire elemental burns you!
* * * LOW HITPOINT WARNING * * *
You take 7 damage, and have 6/115 hp.
You punch the fire elemental!
You destroy the fire elemental!
Sif Muna accepts your kill.
Okay, then.
Okay, then.
You hit the hell hound.
Your tail-slap misses the hell hound.
The hell hound is lightly wounded.
You block the hell hound's attack.
You punch the hell hound!
The hell hound is moderately wounded.
You block the hell hound's attack.
You barely miss the hell hound. You headbutt the hell hound.
The hell hound is heavily wounded.
The hell hound breathes flames at you. The blast of flame hits you!!
You die...

##### ******* #...#
*,,>,,* ###...###
*,,,,,***########.......#
*,,,,,+,,.....hh@.......#
*,,,,,***########.......#
+,,,,,* ###...### ***+***
#...># *,* ###.#### *,*
#####....### ***,*
#.....##...# ,,*,*
##.##.....#.#** *,*,*
#..##.....#...*


You could see 2 hell hounds.

Vanquished Creatures
  Donald (Orc:2)
  Azrael (Elf:1)
  A dire elephant (Lair:5)
  Fannar (Lair:1)
  10 hydras
  2 catoblepae
  A ghost crab (Lair:2)
  6 centaur warriors
  4 death yaks (Lair:5)
  A boulder beetle (D:12)
  A tengu warrior (D:13)
  A deep troll shaman (Lair:5)
  An orc high priest (D:9)
  3 two-headed ogres
  A vampire mage (D:15)
  An iron troll (D:14)
  A skyshark (Lair:2)
  5 skeletal warriors (D:12)
  2 fire crabs
  4 deep elf pyromancers (Elf:1)
  A phantasmal warrior (D:14)
  An orc knight (Orc:2)
  2 deep elf zephyrmancers (Orc:2)
  4 ugly things
  7 orc sorcerers
  2 manticores (D:13)
  6 cyclopes
  24 elephants
  5 black mambas
  10 slime creatures
  A black mamba (shapeshifter) (D:14)
  A torpor snail (Lair:2)
  An eye of devastation (Slime:1)
  A gargoyle (D:12)
  16 cane toads
  2 kobold demonologists
  12 komodo dragons
  3 rime drakes
  3 efreet
  A tengu conjurer (D:13)
  A guardian mummy (D:11)
  5 trolls
  A queen bee (Lair:4)
  A meliai (shapeshifter) (D:14)
  A wind drake (shapeshifter) (D:14)
  6 polar bears
  3 meliai (Lair:4)
  A hornet (D:9)
  Grinder (D:4)
  25 blink frogs
  Sigmund (D:3)
  A shadow (D:9)
  4 wyverns
  2 wraiths
  31 yaks
  A spectral komodo dragon (Lair:2)
  A vampire (D:10)
  10 fire elementals
  2 basilisks
  2 water elementals (D:14)
  A steam dragon (D:9)
  6 wargs
  2 acid dragons
  A naga (shapeshifter) (D:13)
  A spectral cane toad (Lair:2)
  13 water moccasins
  Duvessa (D:4)
  3 ice beasts
  A spectral yak (Lair:2)
  20 orc warriors
  A sky beast (D:7)
  4 black bears
  3 ogres
  6 centaurs
  16 wolves
  2 phantoms (D:4)
  3 kobold brigands
  16 bullfrogs
  2 scorpions
  12 wights
  A water moccasin zombie (D:4)
  Dowan (D:4)
  26 killer bees
  11 howler monkeys
  An electric eel (D:14)
  A centaur zombie (D:4)
  A bullfrog zombie (D:4)
  2 hounds
  A gnoll bouda (D:7)
  4 jellies (Lair:4)
  26 orc priests
  Crazy Yiuf (D:4)
  Jessica (D:2)
  3 iguanas
  45 orc wizards
  A scorpion zombie (D:4)
  Natasha (twice) (D:4)
  5 hell rats (Lair:4)
  3 hound zombies (D:4)
  A boggart simulacrum (D:15)
  2 hound skeletons (D:4)
  Robin (D:3)
  3 gnolls (D:7)
  8 adders
  2 shadow imps
  3 white imps
  An ufetubus (D:6)
  6 adder zombies (D:4)
  4 adder skeletons (D:4)
  2 worms (D:2)
  4 dart slugs
  92 orcs
  5 ball pythons
  7 endoplasms
  4 giant cockroaches
  8 goblins
  8 hobgoblins
  7 jackals
  2 quokkas
  4 bats
  2 frilled lizards
  16 kobolds
  A rat (D:1)
694 creatures vanquished.

Vanquished Creatures (others)
  A wizard (D:14)
  2 killer bees (Lair:4)
  A hound skeleton (D:4)
  2 orcs
  A demonic plant (Abyss:2)
  28 fungi
  62 plants
  A withered plant (D:4)
98 creatures vanquished.

Grand Total: 792 creatures vanquished

Notes
Turn   | Place    | Note
-------+----------+-------------------------------------------
     0 | D:1      | jasper the Demonspawn Cinder Acolyte began the quest for
                  | the Orb.
     0 | D:1      | Reached XP level 1. HP: 18/18 MP: 2/2
    50 | D:1      | Discovered your monstrous ancestry.
    50 | D:1      | Gained mutation: Your touch may inflict minor irresistible
                  | damage on your foes. [demonic ancestry]
    50 | D:1      | Reached XP level 2. HP: 19/24 MP: 3/3
   316 | D:1      | Reached skill level 1 in Unarmed Combat
   491 | D:1      | Identified a scroll of acquirement
   491 | D:1      | Acquired the ring of Rasy {EV+5 Int+3}
   574 | D:2      | Gained mutation: You may rarely emit foul miasma when
                  | damaged in melee. [demonic ancestry]
   574 | D:2      | Reached XP level 3. HP: 29/29 MP: 2/4
   677 | D:2      | Noticed Jessica
   684 | D:2      | Killed Jessica
   685 | D:2      | Gained mutation: You have a pair of small horns on your
                  | head. [demonic ancestry]
   685 | D:2      | Reached XP level 4. HP: 35/35 MP: 5/5
  1136 | D:3      | Noticed Sigmund
  1157 | D:3      | Killed Sigmund
  1158 | D:3      | Reached skill level 5 in Unarmed Combat
  1158 | D:3      | Gained mutation: Spells you cast may paralyse adjacent
                  | enemies. [demonic ancestry]
  1158 | D:3      | Reached XP level 5. HP: 41/41 MP: 6/6
  1158 | D:3      | Reached XP level 6. HP: 47/47 MP: 7/7
  1348 | D:3      | Noticed Robin
  1363 | D:3      | Killed Robin
  1440 | D:3      | Learned a level 2 spell: Passwall
  1965 | D:4      | Noticed Grinder
  1987 | D:4      | Killed Grinder
  1988 | D:4      | Reached XP level 7. HP: 43/52 MP: 6/8
  2031 | D:4      | Noticed Natasha
  2038 | D:4      | Killed Natasha
  2077 | D:4      | Noticed Dowan
  2077 | D:4      | Noticed Duvessa
  2091 | D:4      | Killed Duvessa
  2097 | D:4      | Killed Dowan
  2177 | D:4      | Gained mutation: You have a pair of horns on your head.
                  | [demonic ancestry]
  2177 | D:4      | Reached XP level 8. HP: 55/58 MP: 9/9
  2295 | D:4      | Found a runed translucent door.
  2296 | D:4      | Noticed Crazy Yiuf
  2373 | D:4      | Found an opulent altar of Gozag.
  2507 | D:4      | Noticed Natasha
  2518 | D:4      | Killed Natasha
  2604 | D:4      | Killed Crazy Yiuf
  2665 | D:5      | Entered Level 5 of the Dungeon
  3223 | D:5      | Reached skill level 10 in Unarmed Combat
  3575 | D:6      | Reached skill level 1 in Dodging
  3808 | D:6      | Identified the +2 pair of boots of the Holding Gods {rCorr
                  | Str+4}
  3906 | D:6      | Gained mutation: Spells you cast may paralyse nearby
                  | enemies. [demonic ancestry]
  3906 | D:6      | Reached XP level 9. HP: 62/64 MP: 8/10
  3917 | D:6      | Found a sacrificial altar of Ru.
  4128 | D:6      | Found a staircase to the Ecumenical Temple.
  4166 | D:6      | Found a burning altar of Makhleb.
  5029 | D:7      | Reached skill level 5 in Fighting
  5374 | D:8      | Found a staircase to the Lair.
  5553 | D:8      | You fall into a shaft and drop 2 floors!
  5553 | D:10     | Entered Level 10 of the Dungeon
  5564 | D:10     | Noticed a kobold demonologist
  5574 | D:10     | Killed a kobold demonologist
  5575 | D:10     | Reached XP level 10. HP: 74/74 MP: 11/11
  6206 | D:9      | Found a staircase to the Orcish Mines.
  6328 | D:9      | Reached skill level 5 in Dodging
  6576 | D:9      | Acquired 1244 gold pieces
  6888 | D:10     | Noticed a two-headed ogre
  6905 | D:10     | Killed a two-headed ogre
  6919 | D:10     | Gained mutation: You sometimes emit foul miasma when
                  | damaged in melee. [demonic ancestry]
  6919 | D:10     | Reached XP level 11. HP: 79/84 MP: 12/12
  6974 | D:10     | Found an ornate altar of the Wu Jian Council.
  7818 | D:11     | Learned a level 2 spell: Sublimation of Blood
  7876 | D:11     | Noticed a two-headed ogre
  7887 | D:11     | Killed a two-headed ogre
  8187 | D:11     | Found a portal to a secret trove of treasure.
  8796 | Lair:1   | Entered Level 1 of the Lair of Beasts
  8983 | Lair:1   | Noticed Fannar
  8999 | Lair:1   | Killed Fannar
  9461 | Lair:2   | Noticed a seven-headed hydra
  9472 | Lair:2   | HP: 3/86 [komodo dragon (26)]
  9476 | Lair:2   | Killed a seven-headed hydra
  9572 | Lair:2   | Noticed a skyshark
  9663 | Orc:1    | Entered Level 1 of the Orcish Mines
  9672 | Orc:1    | Noticed an orc high priest
  9683 | Orc:1    | Noticed an orc sorcerer
  9743 | D:9      | Noticed a soul eater
  9746 | D:9      | Killed an orc high priest
  9907 | D:9      | Killed an orc sorcerer
  9928 | Orc:1    | Gained mutation: You have a pair of large horns on your
                  | head. [demonic ancestry]
  9928 | Orc:1    | Reached XP level 12. HP: 94/94 MP: 13/13
 10093 | Orc:2    | Entered Level 2 of the Orcish Mines
 10500 | Orc:2    | Paralysed by an orc sorcerer for 5 turns
 10612 | Orc:2    | Found a staircase to the Elven Halls.
 10638 | Orc:2    | Paralysed by an orc sorcerer for 2 turns
 10677 | Orc:2    | Found Bafrumo Buad's Weapon Boutique.
 10709 | Orc:2    | Found Anawedgh's Jewellery Emporium.
 10729 | Orc:2    | Paralysed by an orc sorcerer for 2 turns
 10752 | Orc:2    | Bought a ring of poison resistance for 320 gold pieces
 10873 | Orc:2    | Found Arren's Weapon Boutique.
 10873 | Orc:2    | Found Qoacing's Weapon Emporium.
 10902 | Orc:2    | Bought a throwing net for 39 gold pieces
 11033 | Orc:2    | Found Jaock's Weapon Shop.
 11141 | Orc:2    | Noticed Donald
 11159 | Orc:2    | Killed Donald
 11559 | Orc:2    | Reached skill level 15 in Unarmed Combat
 11610 | Orc:1    | Reached skill level 10 in Fighting
 11616 | Orc:1    | Reached skill level 1 in Shields
 11755 | Elf:1    | Entered Level 1 of the Elven Halls
 11995 | Lair:2   | Reached skill level 5 in Shields
 12008 | Lair:2   | Gained mutation: You have a small tail. [demonic ancestry]
 12008 | Lair:2   | Reached XP level 13. HP: 92/103 MP: 14/14
 12113 | Lair:2   | Identified the amulet "Naluj" {Reflect Will+ Str+2 Dex-2
                  | SH+5}
 12838 | Lair:2   | Found a radiant altar of Vehumet.
 12985 | Lair:2   | Found a staircase to the Snake Pit.
 13075 | Lair:2   | Acquired 396 gold pieces
 13097 | Lair:2   | Found a staircase to the Swamp.
 13295 | Snake:1  | Entered Level 1 of the Snake Pit
 13366 | Lair:3   | Reached skill level 10 in Shields
 13772 | Lair:3   | Identified the ring "Eqour" {rPois rCorr}
 13780 | Lair:3   | Gained mutation: You have a tail ending in a sharp stinger.
                  | [demonic ancestry]
 13780 | Lair:3   | Reached XP level 14. HP: 110/110 MP: 15/15
 14351 | Lair:4   | Found a staircase to the Slime Pits.
 15204 | Slime:1  | Entered Level 1 of the Pits of Slime
 15227 | Lair:5   | Entered Level 5 of the Lair of Beasts
 16780 | Swamp:1  | Entered Level 1 of the Swamp
 16926 | Slime:2  | Gained mutation: You occasionally lose the ability to drink
                  | potions when taking damage. [a shining eye]
 16931 | Slime:1  | Lost mutation: You occasionally lose the ability to drink
                  | potions when taking damage. [potion of mutation]
 16931 | Slime:1  | Gained mutation: You expend magic power (3 MP) to
                  | strengthen your wands. [potion of mutation]
 17362 | Orc:2    | Bought an amulet of faith for 640 gold pieces
 17491 | Temple   | Entered the Ecumenical Temple
 17684 | Temple   | Fell from the grace of Ignis
 17684 | Temple   | Became a worshipper of Sif Muna the Loreminder
 18155 | D:12     | Reached skill level 15 in Shields
 18175 | D:12     | HP: 2/110 [skeletal warrior/+0 battleaxe (25)]
 18328 | D:12     | Reached skill level 1 in Transmutations
 18328 | D:12     | Reached skill level 1 in Earth Magic
 18610 | D:12     | Gained mutation: Your touch may inflict irresistible damage
                  | on your foes. [demonic ancestry]
 18610 | D:12     | Reached XP level 15. HP: 85/115 MP: 16/16
 18934 | D:13     | Reached * piety under Sif Muna
 19238 | D:13     | You fall into a shaft and drop 1 floor!
 19272 | Abyss:2  | Cast into level 2 of the Abyss (a wizard)
 19325 | D:14     | Escaped the Abyss
 19483 | D:14     | Reached ** piety under Sif Muna
 20577 | D:14     | Found a gate to the Vaults.
 20614 | D:15     | Entered Level 15 of the Dungeon
 20888 | D:15     | Reached skill level 5 in Earth Magic
 20890 | D:15     | Reached skill level 5 in Transmutations
 21076 | D:15     | Found a staircase to the Depths.
 21076 | D:15     | Noticed a fire giant
 22319 | Elf:1    | Noticed Azrael
 22338 | Elf:1    | Killed Azrael
 22343 | Elf:1    | Killed from afar by a hell hound

Illustrated notes

Levels and vault maps discovered:
D:1:      scummos_arrival_simple_crosswalls, layout_rooms, nicolae_titane
D:2:      layout_rooms, uniq_jessica
D:3:      layout_loops_ring, tso_oasis_becter, uniq_robin, uniq_sigmund
D:4:      layout_rooms, general_overflow_altar, serial_undead, serial_undead_a,
          serial_undead_e, serial_undead_c, serial_undead_e, serial_undead_a,
          serial_undead_c, serial_undead_b, serial_undead_d, serial_undead_f,
          serial_undead_c, uniq_natasha, uniq_crazy_yiuf_cottage, uniq_duvessa,
          uniq_grinder
D:5:      layout_basic
D:6:      layout_gridville, lightli_temple_of_fire,
          nicolae_ru_the_path_less_chosen, minmay_temple_entry_antechambers
D:7:      layout_basic, eino_tiny_chamber
D:8:      layout_basic, lair_entry_dummy, st_stairs_2,
          chequers_serial_rivers_micro_c
D:9:      layout_rooms, david_orc_3, st_stairs_2
D:10:     layout_roguey, chequers_temple_overflow_statue_of_worship, minmay_puff
D:11:     layout_gridville, nicolae_trove_entry_path_of_doom
D:12:     layout_cave_pools, chequers_jeans, library_closet,
          nicolae_straight_to_the_point
D:13:     layout_roguey
D:14:     layout_basic, david_vaults_4, serial_bayou_ford_a
D:15:     grunt_enter_depths_giant_problem, layout_loops_corners,
          minmay_misc_feat_ornament, nzn_life_drinkers
Temple:   eino_temple_rhombus
Lair:1:   layout_chaotic_city, uniq_fannar
Lair:2:   nzn_winding_woodlands_stair_trap
          [nzn_winding_woodlands_5x15_pathside_ponds,
          nzn_winding_woodlands_5x15_twine, nzn_winding_woodlands_5x15_jagged,
          nzn_winding_woodlands_15x15_five_gardens,
          nzn_winding_woodlands_5x15_cabin, nzn_winding_woodlands_5x15_pool,
          nzn_winding_woodlands_5x15_concentric], layout_regular_city,
          nicolae_swamp_entry_spooky, dummy_snake_entry, basic_altar
Lair:3:   layout_small_grid
Lair:4:   layout_roguey [special_room_bee], nicolae_slime_entry_field_trip,
          infiniplex_staircase_pool_2, serial_bayou_shore_a
Lair:5:   grunt_lair_end_beastmaster, layout_layer_cave, grunt_megastairs_2
Swamp:1:  layout_basic_swamp, evilmike_swamp_ruin_house_2, swamp_pool1
Snake:1:  layout_chambers, uniq_aizul, uniq_mlioglotl
Slime:1:  layout_caves
Slime:2:  layout_caves
Orc:1:    layout_caves
Orc:2:    st_orc_town, layout_caves, basic_altar, serial_shops, shop,
          uniq_donald
Elf:1:    minmay_elf_arrival_summoners, layout_geoelf_diagonals,
          minmay_elf_sorcery, small_statue_intersection,
          hangedman_summoners_spam, uniq_jorgrun, uniq_louise, uniq_azrael

Skill      XL: |  1  2  3  4  5  6  7  8  9 10 11 12 13 14 15 |
---------------+----------------------------------------------+-----
Axes           | 3 4 |  4.7
Unarmed Combat | 1 2 5 7 8 10 11 12 13 15 | 15.0
Dodging        | 1 4 5 7 8 |  8.3
Fighting       | 5 7 8 10 | 10.0
Shields        | 5 11 15 | 15.0
Transmutations | 1 5 |  5.6
Earth Magic    | 1 5 |  5.7
Spellcasting   | |  1.0
Fire Magic     | |  2.6

Action                     |  1- 3 |  4- 6 |  7- 9 | 10-12 | 13-15 || total
---------------------------+-------+-------+-------+-------+-------++-------
  Melee: Hand axe          |    45 |    37 |       |       |       ||    82
         Touch             |     8 |    12 |    48 |    85 |       ||   153
         Unarmed           |       |   103 |   306 |   724 |  1336 ||  2469
         Headbutt          |       |    22 |    46 |   143 |   345 ||   556
         Punch             |       |     4 |    14 |    44 |       ||    62
         Tailslap          |       |       |       |       |   239 ||   239
  Throw: Stone             |     3 |       |       |    10 |     4 ||    17
 Invoke: Fiery Armour      |     2 |     2 |     6 |     2 |       ||    12
  Evoke: Wand              |       |       |       |     3 |    11 ||    14
         Lightning rod     |       |       |       |     6 |     5 ||    11
    Use: Scroll            |     6 |       |    16 |    10 |     4 ||    36
         Potion            |       |       |       |     4 |    10 ||    14
   Stab: Sleeping          |       |       |     5 |       |     6 ||    11
         Distracted        |       |       |       |     1 |       ||     1
         Petrified         |       |       |       |       |     7 ||     7
 Armour: Robe              |     7 |       |       |       |       ||     7
         Ring mail         |     3 |    22 |       |       |       ||    25
         Leather armour    |       |    51 |   139 |    59 |       ||   249
         Troll leather arm |       |       |       |   216 |   384 ||   600
  Dodge: Dodged            |    30 |   170 |   270 |   584 |   870 ||  1924
  Block: Other             |       |       |    17 |    35 |       ||    52
         Kite shield       |       |       |       |    10 |   767 ||   777
         Reflection        |       |       |       |       |    22 ||    22

Table legend: (Time is in decaauts)
 A = Elapsed time spent in this place.
 B = Non-inter-level travel time spent in this place.
 C = Inter-level travel time spent in this place.
 D = Time resting spent in this place.
 E = Time spent auto-exploring this place.
 F = Levels seen in this place.
 G = Mean time per level.
                   A        B        C        D        E       F      G
               +--------+--------+--------+--------+--------+-----+--------+
         Total |  21962 |  19802 |   2160 |   1378 |  12927 |  29 |  757.3 |
       Dungeon |  13796 |  12500 |   1296 |    848 |   8724 |  15 |  919.7 |
        Temple |    213 |    190 |     23 |      0 |    167 |   1 |  213.0 |
          Lair |   5728 |   5142 |    586 |    134 |   3335 |   5 | 1145.6 |
         Swamp |      1 |      1 |      0 |      0 |      0 |   1 |    1.0 |
     Snake Pit |      1 |      1 |      0 |      0 |      0 |   1 |    1.0 |
    Slime Pits |     48 |     40 |      8 |      0 |      0 |   2 |   24.0 |
  Orcish Mines |   2011 |   1770 |    241 |    396 |    632 |   2 | 1005.5 |
   Elven Halls |    107 |    104 |      3 |      0 |     26 |   1 |  107.0 |
         Abyss |     52 |     52 |      0 |      0 |     42 |   1 |   52.0 |
               +--------+--------+--------+--------+--------+-----+--------+

Top non-repeatable levels by time:
  Lair:2: 1625 daAuts
    D:15: 1515 daAuts
   Orc:2: 1393 daAuts
  Lair:5: 1358 daAuts
    D:11: 1273 daAuts
     D:9: 1239 daAuts
    D:12: 1100 daAuts
  Lair:4: 1011 daAuts
  Lair:3: 970 daAuts
     D:8: 916 daAuts
     D:6: 913 daAuts
    D:14: 881 daAuts
     D:5: 877 daAuts
     D:4: 845 daAuts
    D:13: 838 daAuts
